AoeStats
← PanicWaller

Arena

513229889Analyzed
4v4 RM · 4d ago on Oct 12, 2026· 53m 53s· 8 players
Game mode
Random Map
Map size
Large (8 player)
Population
200
Speed
Normal
Resources
Standard
Victory
Conquest
Starting age
Dark Age
Ending age
Imperial Age
RankedLock teamsTeams togetherTeam positionsShared explorationLock speedFull tech treeHidden civsTurbo modeCheats
Victory
Defeat
🇩🇪 Dravidians · Germany
1494
+14
🇪🇸 Hindustanis · Spain
1477
+15
🇧🇷 Khmer · Brazil
1464
+15
🇬🇪 Magyars · Georgia
1454
+16
vs
🇺🇸 Bohemians · United States
1548
-19
🇻🇪 Chinese · Venezuela
1448
-15
🇻🇪 Hindustanis · Venezuela
1409
-13
🇻🇪 Saracens · Venezuela
1390
-13
Tete
0:26 Loom
10:32 Feudal Age
14:02 Castle Age
12:43 Double-Bit Axe
19:29 Horse Collar
22:09 Bow Saw
23:08 Wheelbarrow
23:35 Heavy Plow
23:26 Gold Mining
23:27 Stone Mining
27:52 Imperial Age
27:58 Imperial Age
25:41 Fletching
26:28 Gold Shaft Mining
26:34 Hand Cart
26:27 Bodkin Arrow
27:32 Stone Shaft Mining
27:23 Padded Archer Armor
27:33 Town Watch
28:20 Leather Archer Armor
29:50 Two-Man Saw
29:08 Scale Mail Armor
29:18 Forging
29:52 Conscription
30:48 Chemistry
30:06 Chain Mail Armor
29:14 Pikeman
29:54 Squires
29:31 Elite Fire Lancer
30:42 Arson
31:33 Iron Casting
32:47 Plate Mail Armor
32:58 Bracer
33:29 Ring Archer Armor
33:21 Ballistics
33:11 Masonry
32:57 Murder Holes
34:22 Blast Furnace
32:55 Elite Skirmisher
33:41 Thumb Ring
35:58 Architecture
37:22 Pikeman
37:50 Halberdier
44:47 Coinage
ToTi
10:33 Feudal Age
14:37 Castle Age
13:16 Double-Bit Axe
13:51 Horse Collar
15:45 Bow Saw
16:24 Fervor
17:07 Wheelbarrow
20:36 Hand Cart
22:57 Heavy Plow
24:50 Loom
30:36 Imperial Age
28:35 Padded Archer Armor
29:43 Chemistry
29:43 Leather Archer Armor
30:51 Wagenburg Tactics
31:48 Conscription
32:35 Two-Man Saw
32:14 Ring Archer Armor
32:46 Fletching
33:48 Hussite Reforms
34:14 Siege Engineers
35:07 Ballistics
35:20 Bodkin Arrow
36:26 Block Printing
36:22 Redemption
36:33 Sanctity
36:40 Bracer
36:38 Elite Skirmisher
37:15 Onager
40:05 Scale Mail Armor
39:43 Pikeman
40:33 Squires
40:24 Halberdier
41:31 Chain Mail Armor
41:27 Forging
43:28 Iron Casting
43:23 Plate Mail Armor
43:56 Heavy Scorpion
49:04 Blast Furnace
51:02 Masonry
Tuti
9:47 Feudal Age
15:25 Castle Age
13:54 Double-Bit Axe
16:10 Scale Mail Armor
18:28 Chain Mail Armor
19:43 Horse Collar
28:10 Bow Saw
28:36 Gold Mining
29:42 Wheelbarrow
33:46 Imperial Age
31:57 Scale Barding Armor
33:22 Chain Barding Armor
34:04 Bloodlines
33:55 Husbandry
33:47 Heavy Camel Rider
35:16 Plate Barding Armor
35:32 Gold Shaft Mining
35:24 Forging
35:40 Heavy Plow
37:03 Grand Trunk Road
38:04 Iron Casting
38:23 Light Cavalry
41:28 Blast Furnace
44:58 Hand Cart
46:09 Hussar
AG_Overrated
10:30 Feudal Age
14:23 Castle Age
15:13 Double-Bit Axe
15:13 Horse Collar
20:39 Loom
21:19 Bow Saw
23:41 Wheelbarrow
25:29 Hand Cart
25:07 Town Watch
25:26 Heavy Plow
25:26 Gold Mining
25:59 Stone Mining
30:01 Imperial Age
27:55 Forging
27:45 Scale Mail Armor
27:43 Pikeman
28:25 Squires
29:30 Iron Casting
29:36 Chain Mail Armor
32:01 Blast Furnace
31:32 Scale Barding Armor
31:58 Plate Mail Armor
31:06 Onager
32:49 Two-Man Saw
32:19 Padded Archer Armor
32:09 Fletching
33:20 Chemistry
32:29 Siege Engineers
31:50 Light Cavalry
32:42 Bloodlines
32:32 Husbandry
33:16 Counterweights
32:57 Crossbowman
33:42 Thumb Ring
33:00 Elite Skirmisher
34:31 Bodkin Arrow
34:52 Leather Archer Armor
34:58 Ballistics
35:19 Arbalester
36:48 Town Patrol
36:36 Siege Onager
37:34 Bracer
38:04 Ring Archer Armor
40:16 Ring Archer Armor
47:25 Caravan
52:17 Plate Mail Armor
MASACRE
10:39 Feudal Age
12:34 Double-Bit Axe
12:44 Horse Collar
15:29 Castle Age
17:11 Wheelbarrow
16:52 Bow Saw
22:11 Bloodlines
22:01 Husbandry
29:05 Forging
31:22 Iron Casting
33:32 Imperial Age
31:51 Iron Casting
31:23 Scale Barding Armor
32:08 Grand Trunk Road
32:11 Padded Archer Armor
33:11 Hand Cart
32:51 Gold Mining
33:14 Heavy Plow
33:45 Chain Barding Armor
35:17 Chemistry
35:26 Blast Furnace
34:43 Leather Archer Armor
34:15 Heavy Camel Rider
35:42 Plate Barding Armor
35:59 Leather Archer Armor
36:34 Gold Shaft Mining
36:57 Conscription
36:48 Town Watch
36:34 Imperial Camel Rider
39:13 Light Cavalry
43:09 Hussar
49:05 Caravan
Rafael Fernandes
7:09 Loom
9:20 Feudal Age
10:44 Wheelbarrow
15:32 Castle Age
13:51 Double-Bit Axe
13:49 Horse Collar
16:31 Bow Saw
16:22 Heavy Plow
31:35 Imperial Age
30:46 Padded Archer Armor
30:36 Fletching
30:59 Gold Mining
31:21 Forging
32:09 Leather Archer Armor
32:04 Elite Skirmisher
32:40 Bodkin Arrow
32:34 Town Watch
33:26 Hand Cart
35:08 Chemistry
34:32 Ballistics
35:12 Bracer
35:42 Ring Archer Armor
37:27 Conscription
37:50 Iron Casting
37:16 Scale Mail Armor
36:55 Pikeman
37:21 Arson
38:24 Halberdier
44:11 Chain Mail Armor
44:56 Blast Furnace
44:37 Scale Barding Armor
49:47 Capped Ram
52:00 Siege Ram
53:11 Elite Ballista Elephant
Pawo
10:38 Feudal Age
11:53 Double-Bit Axe
14:48 Castle Age
13:28 Horse Collar
22:04 Wheelbarrow
21:52 Bow Saw
24:15 Hand Cart
25:42 Loom
29:11 Imperial Age
26:51 Scale Barding Armor
26:44 Gold Mining
26:44 Stone Mining
28:19 Gold Shaft Mining
28:07 Chain Barding Armor
29:41 Husbandry
29:51 Bloodlines
30:28 Plate Barding Armor
30:21 Corvinian Army
30:43 Conscription
29:46 Elite Magyar Huszar
31:30 Two-Man Saw
30:32 Heavy Plow
33:10 Crop Rotation
32:32 Town Watch
34:29 Thumb Ring
34:50 Parthian Tactics
34:14 Heavy Cavalry Archer
34:58 Padded Archer Armor
34:48 Fletching
35:25 Masonry
35:36 Ballistics
36:16 Chemistry
36:15 Bodkin Arrow
36:36 Leather Archer Armor
37:19 Recurve Bow
37:35 Bracer
39:55 Ring Archer Armor
44:37 Coinage
46:24 Banking
48:12 Murder Holes
54:31 Caravan
PanicWaller
10:44 Feudal Age
14:15 Castle Age
12:08 Double-Bit Axe
12:53 Horse Collar
15:37 Bow Saw
15:55 Heavy Plow
19:39 Loom
22:31 Gold Mining
23:21 Wheelbarrow
24:40 Hand Cart
24:29 Gold Mining
24:43 Town Watch
28:43 Imperial Age
26:31 Stone Mining
26:35 Fletching
26:45 Padded Archer Armor
27:20 Bodkin Arrow
27:35 Medical Corps
28:52 Thumb Ring
29:13 Sanctity
29:11 Leather Archer Armor
29:02 Husbandry
28:46 Elite Elephant Archer
29:30 Bracer
30:17 Conscription
31:05 Ring Archer Armor
31:37 Ballistics
31:55 Wootz Steel
33:18 Chemistry
32:59 Masonry
34:52 Scale Barding Armor
34:58 Forging
37:32 Siege Elephant
37:56 Light Cavalry
40:42 Chain Barding Armor
40:57 Iron Casting
43:33 Iron Casting
44:43 Two-Man Saw
46:30 Hoardings
47:20 Coinage
Connection lost

Rejoining the realm…

Still unreachable

The connection could not be restored.

Session expired

The server has moved on; the page needs a fresh start.